[Event "ICC tourney 1969 (45 10)"]
[Site "Internet Chess Club"]
[Date "2020.08.22"]
[Round "3"]
[White "hackerguru"]
[Black "Adhvaith0406"]
[Result "1-0"]
[ICCResult "Black resigns"]
[WhiteElo "1793"]
[BlackElo "1974"]
[Opening "English: Wimpey system"]
[ECO "A05"]
[NIC "QP.11"]
[Time "16:02:11"]
[TimeControl "2700+10"]

1. Nf3 Nf6 2. c4 e6 3. e3 d5 4. b3 c5 5. Bb2 Nc6 6. d4 cxd4 7. Nxd4 Bb4+ 8.
Bc3 Qa5 9. Bxb4 Nxb4 10. Nd2 Ne4 11. a3 Nc6 12. b4 Qd8 13. cxd5 Nxd2 14.
dxc6 Nxf1 15. Kxf1 O-O 16. cxb7 Bxb7 17. f3 Qb6 18. Kf2 Rfd8 19. Qe2 e5 20.
Nb3 Ba6 21. Qb2 Rac8 22. Rhd1 Re8 23. Rac1 e4 24. Qd4 exf3 25. Qxb6 axb6 26.
gxf3 Bc4 27. Nd4 b5 28. a4 bxa4 29. Nf5 Bb3 30. Ne7+ Kf8 31. Nxc8 Bxd1 32.
Nd6 Rd8 33. Rxd1 a3 34. Ke2 a2 35. Ra1 Rxd6 36. Rxa2 Rb6 37. Rb2 Ke7 38. Kd3
Kd6 39. Kd4 g6 40. e4 f6 41. f4 Rb5 42. h3 h6 43. Kc4 Rb8 44. b5 g5 45. fxg5
hxg5 46. b6 Kc6 47. b7 Kc7 48. Kd5 Rd8+ 49. Ke6 Kb8 50. Kxf6 Rh8 51. Rb3 Rg8
52. e5 g4 53. hxg4 Rxg4 54. e6 Rf4+ 55. Ke5 Rf1 56. Kd6 Rd1+ 57. Ke7 Re1 58.
Kf7 Rf1+ 59. Ke8 Re1 60. e7 Re2 61. Rb6 Re1 62. Kf7 Rf1+ 63. Rf6 Rd1 64.
e8=Q+ {Black resigns} 1-0

[Event "ICC tourney 1969 (45 10)"]
[Site "Internet Chess Club"]
[Date "2020.08.22"]
[Round "3"]
[White "Ososul"]
[Black "slolla"]
[Result "0-1"]
[ICCResult "White resigns"]
[WhiteElo "2099"]
[BlackElo "1843"]
[Opening "Sicilian: dragon, Yugoslav attack, 7...O-O"]
[ECO "B76"]
[NIC "SI.17"]
[Time "16:13:27"]
[TimeControl "2700+10"]

1. e4 c5 2. Nf3 d6 3. d4 cxd4 4. Nxd4 Nf6 5. Nc3 g6 6. Be3 Bg7 7. f3 O-O 8.
Qd2 Nc6 9. g4 Be6 10. Nxe6 fxe6 11. O-O-O Ne5 12. Be2 Qc8 13. Kb1 Nc4 14.
Bxc4 Qxc4 15. Ne2 Nd7 16. Nd4 e5 17. Ne2 Rxf3 18. Nc3 Raf8 19. h4 Nf6 20. b3
Qc6 21. Qe1 Nxg4 22. Nd5 Qd7 23. Bg5 Nf2 24. Nxe7+ Kh8 25. h5 Nxh1 26. Qb4
Rf1 {White resigns} 0-1

[Event "ICC tourney 1969 (45 10)"]
[Site "Internet Chess Club"]
[Date "2020.08.22"]
[Round "3"]
[White "charanreddy"]
[Black "RagingKnightNC"]
[Result "1-0"]
[ICCResult "Black resigns"]
[WhiteElo "1430"]
[BlackElo "2024"]
[Opening "Sicilian: Alapin's variation (2.c3)"]
[ECO "B22"]
[NIC "SI.46"]
[Time "16:01:45"]
[TimeControl "2700+10"]

1. e4 c5 2. c3 d5 3. exd5 Nf6 4. Bb5+ Nbd7 5. c4 a6 6. Ba4 b5 7. cxb5 Nxd5
8. Nf3 Qa5 9. Nc3 Nxc3 10. dxc3 axb5 11. Bc2 g6 12. O-O Bg7 13. Re1 e6 14.
Qd6 Ra6 15. Qg3 O-O 16. Ng5 Nf6 17. Be3 b4 18. cxb4 cxb4 19. Rad1 Qxa2 20.
Bc5 Re8 21. Qc7 e5 22. Bd3 Qb3 23. Bb5 Bg4 24. Bxe8 Nxe8 25. Rd8 Bh8 26.
Rxe8+ Kg7 27. Bf8+ {Black resigns} 1-0

[Event "ICC tourney 1969 (45 10)"]
[Site "Internet Chess Club"]
[Date "2020.08.22"]
[Round "3"]
[White "riachuvspikachu"]
[Black "HarleyQueen8"]
[Result "0-1"]
[ICCResult "White checkmated"]
[WhiteElo "1584"]
[BlackElo "1727"]
[Opening "Sicilian: Boleslavsky variation, 7.Nb3"]
[ECO "B59"]
[NIC "SI.25"]
[Time "16:01:49"]
[TimeControl "2700+10"]

1. e4 c5 2. Nf3 d6 3. d4 cxd4 4. Nxd4 Nf6 5. Nc3 Nc6 6. Be2 e5 7. Nb3 Be6 8.
Be3 d5 9. Nxd5 Nxe4 10. Nc3 Bb4 11. Bd2 Nxd2 12. Qxd2 Nd4 13. a3 Bxc3 14.
Qxc3 Rc8 15. Nc5 Qe7 16. b4 Nxe2 17. Kxe2 b6 18. Rad1 O-O 19. Rd2 bxc5 20.
bxc5 Rxc5 21. Qb4 Qc7 22. c3 Rb8 23. Rhd1 Bc4+ 24. Ke3 Bd5 25. Qa4 Rxc3+ 26.
Ke2 Qc4+ 27. Qxc4 Bxc4+ 28. Ke1 g6 29. Rd7 Rxa3 30. Rc7 Be6 31. Rc5 Rab3 32.
Ke2 Rb2+ 33. Ke3 R8b3+ 34. Rd3 Rxd3+ 35. Kxd3 Rxf2 36. Ra5 Rxg2 37. Rxa7
Rxh2 38. Ra1 h5 39. Ke3 Rg2 40. Ra8+ Kg7 41. Ra7 h4 42. Kf3 Bd5+ 43. Ke3 h3
44. Ra1 h2 45. Rh1 Rg3+ 46. Kf2 Bxh1 47. Kxg3 e4 48. Kxh2 e3 49. Kg1 f5 50.
Kf1 f4 51. Kg1 f3 52. Kf1 Bg2+ 53. Kg1 g5 54. Kh2 e2 55. Kg3 e1=Q+ 56. Kh2
f2 57. Kg3 f1=Q+ 58. Kh2 Qh1# {White checkmated} 0-1

[Event "ICC tourney 1969 (45 10)"]
[Site "Internet Chess Club"]
[Date "2020.08.22"]
[Round "3"]
[White "Monkeybomb3605"]
[Black "serafindelapaz"]
[Result "1/2-1/2"]
[ICCResult "Game drawn by mutual agreement"]
[WhiteElo "1958"]
[BlackElo "1704"]
[Opening "Petrov three knights game"]
[ECO "C42"]
[NIC "RG.01"]
[Time "16:01:43"]
[TimeControl "2700+10"]

1. e4 e5 2. Nf3 Nf6 3. Nc3 Bb4 4. Nxe5 O-O 5. d3 d5 6. Bd2 Re8 7. d4 Bxc3 8.
bxc3 Nxe4 9. Be2 Nd7 10. Nxd7 Bxd7 11. O-O Qf6 12. Rb1 b6 13. Bd3 Bf5 14. f3
Nd6 15. Re1 Qg6 16. Rxe8+ Rxe8 17. Qf1 Bxd3 18. cxd3 Qf5 19. Rd1 Qd7 20. Re1
Kf8 21. Rxe8+ Qxe8 22. Qd1 Qc6 23. Qb3 Ke7 24. Bf4 Nb5 25. Qb4+ Ke8 26. Bd2
a5 27. Qb3 Kd7 28. Kf2 h6 29. a4 Nd6 30. Bf4 h5 {Game drawn by mutual
agreement} 1/2-1/2

[Event "ICC tourney 1969 (45 10)"]
[Site "Internet Chess Club"]
[Date "2020.08.22"]
[Round "3"]
[White "investigator"]
[Black "funplaychess"]
[Result "0-1"]
[ICCResult "White resigns"]
[WhiteElo "2086"]
[BlackElo "2372"]
[Opening "English: Bremen system, Keres variation"]
[ECO "A23"]
[NIC "EO.12"]
[Time "16:02:01"]
[TimeControl "2700+10"]

1. c4 e5 2. Nc3 Nf6 3. g3 c6 4. Bg2 d5 5. cxd5 cxd5 6. Nf3 Nc6 7. d4 e4 8.
Ne5 Bd6 9. Bf4 O-O 10. O-O Re8 11. Nxc6 bxc6 12. Bxd6 Qxd6 13. Na4 h5 14. h3
h4 15. Qe1 e3 16. Nc3 exf2+ 17. Qxf2 hxg3 18. Qf4 Qxf4 19. Rxf4 Nh5 20. Rh4
g6 21. e4 dxe4 22. Nxe4 Kg7 23. Bf3 Rb8 24. Bxh5 gxh5 25. b3 Bxh3 26. Nxg3
Bg4 27. Nxh5+ Bxh5 28. Rxh5 Rbd8 29. Kf2 Rxd4 30. Rg1+ Kf6 31. Rh6+ Kf5 32.
Rxc6 Rf4+ {White resigns} 0-1

[Event "ICC tourney 1969 (45 10)"]
[Site "Internet Chess Club"]
[Date "2020.08.22"]
[Round "3"]
[White "Rohanius"]
[Black "orwind"]
[Result "1-0"]
[ICCResult "Black checkmated"]
[WhiteElo "1645"]
[BlackElo "1298"]
[Opening "Ponziani: Jaenisch counter-attack"]
[ECO "C44"]
[NIC "KP.05"]
[Time "16:02:14"]
[TimeControl "2700+10"]

1. e4 e5 2. Nf3 Nc6 3. c3 Nf6 4. d4 exd4 5. e5 Nd5 6. cxd4 Bb4+ 7. Bd2 Bxd2+
8. Qxd2 O-O 9. Bc4 Nb6 10. Bb3 d5 11. O-O Bg4 12. Bd1 Nc4 13. Qc3 Re8 14.
Nbd2 Nxd2 15. Qxd2 h6 16. Qf4 Bxf3 17. Bxf3 Re6 18. a3 Ne7 19. Bg4 Rb6 20.
b4 a5 21. Rab1 axb4 22. axb4 Ra4 23. b5 Ng6 24. Qe3 Qh4 25. h3 h5 26. g3 Qe7
27. Bxh5 Qd7 28. Bg4 Qe8 29. Be2 Qd7 30. Kh2 Qe7 31. Ra1 Rb4 32. Ra8+ Kh7
33. Bd3 c6 34. Qe2 Qg5 35. h4 Qh6 36. Qg4 c5 37. Qc8 f5 38. Qg8#
{Black checkmated}
1-0

[Event "ICC tourney 1969 (45 10)"]
[Site "Internet Chess Club"]
[Date "2020.08.22"]
[Round "3"]
[White "kgeisenman32"]
[Black "arodmed30"]
[Result "1-0"]
[ICCResult "Black checkmated"]
[WhiteElo "1442"]
[BlackElo "1536"]
[Opening "Queen's pawn game"]
[ECO "A46"]
[NIC "QP.05"]
[Time "16:01:58"]
[TimeControl "2700+10"]

1. d4 Nf6 2. Nf3 e6 3. Bf4 b6 4. e3 Bb7 5. Bd3 c5 6. c3 d5 7. h3 Bd6 8. Bxd6
Qxd6 9. O-O O-O 10. Re1 Nbd7 11. Nbd2 Ne4 12. Be2 f5 13. Nxe4 fxe4 14. Nd2
Rf6 15. f4 exf3 16. Bxf3 Rh6 17. Rf1 Qg3 18. Bg4 Qxe3+ 19. Kh2 Nf6 20. Nb3
e5 21. Re1 Qf4+ 22. Kg1 Ne4 23. Rf1 Qe3+ 24. Kh2 Qg3+ 25. Kg1 Qe3+ 26. Kh2
exd4 27. cxd4 Qg3+ 28. Kg1 Bc8 29. Bxc8 Rxc8 30. dxc5 Rd8 31. Rf3 Qg6 32.
cxb6 Qxb6+ 33. Kh2 Nf2 34. Qd4 Qd6+ 35. Kg1 Ne4 36. Raf1 Ng3 37. Re1 Ne4 38.
Qxa7 Qb4 39. Ref1 Ng5 40. Rf5 Ne6 41. a3 Qd6 42. Nd4 g6 43. Qf7+ Kh8 44.
Nxe6 Qb6+ 45. Kh1 Qxb2 46. Qf8+ Rxf8 47. Rxf8# {Black checkmated} 1-0

[Event "ICC tourney 1969 (45 10)"]
[Site "Internet Chess Club"]
[Date "2020.08.22"]
[Round "3"]
[White "carahsu08"]
[Black "AdityaShiv"]
[Result "1/2-1/2"]
[ICCResult "Game drawn by mutual agreement"]
[WhiteElo "1779"]
[BlackElo "1948"]
[Opening "Queen's pawn game"]
[ECO "D05"]
[Time "16:02:38"]
[TimeControl "2700+10"]

1. e3 d5 2. d4 Nf6 3. Nf3 e6 4. c3 c5 5. Nbd2 Nbd7 6. Bd3 Bd6 7. h3 O-O 8.
O-O b6 9. b3 Qc7 10. Bb2 Bb7 11. Rc1 Ne4 12. c4 f5 13. Bb1 Rae8 14. Bd3 f4
15. Qc2 Ndf6 16. dxc5 bxc5 17. Rce1 fxe3 18. Rxe3 Nxd2 19. Nxd2 d4 20. Re2
e5 21. Rfe1 g6 22. Bc1 Qc6 23. Ne4 Nh5 24. f3 Nf4 25. Bxf4 Rxf4 26. Qd2 Bc7
27. Bb1 a5 28. Bc2 Ra8 29. Nf2 a4 30. bxa4 Ba5 31. Qc1 Bxe1 32. Rxe1 Re8 33.
Ng4 Rff8 34. Nxe5 Qe6 35. Bb3 Rf5 36. Nd3 Qd7 37. Rxe8+ Qxe8 38. Qd2
{Game drawn by mutual agreement}
1/2-1/2

[Event "ICC tourney 1969 (45 10)"]
[Site "Internet Chess Club"]
[Date "2020.08.22"]
[Round "3"]
[White "blueeagle405"]
[Black "Vish1080"]
[Result "1-0"]
[ICCResult "Black checkmated"]
[WhiteElo "1992"]
[BlackElo "1654"]
[Opening "QGD Slav defense"]
[ECO "D10"]
[NIC "SL.01"]
[Time "16:02:05"]
[TimeControl "2700+10"]

1. d4 d5 2. c4 c6 3. Nc3 Nf6 4. e3 g6 5. Nf3 Bg7 6. Be2 O-O 7. O-O Nbd7 8.
cxd5 cxd5 9. Qb3 e6 10. a4 Qb6 11. Qa3 Ne4 12. Nxe4 dxe4 13. Nd2 f5 14. b4
e5 15. a5 Qd8 16. Qb3+ Kh8 17. dxe5 Nxe5 18. Rd1 Qe7 19. Bb2 Be6 20. Qa3
Rfd8 21. Rac1 Nd3 22. Bxd3 Rxd3 23. Qa1 Rad8 24. Nf1 Rxd1 25. Rxd1 Rxd1 26.
Bxg7+ Qxg7 27. Qxd1 Qd7 28. Qa1+ Kg8 29. h3 Bc4 30. Ng3 Qg7 31. Qc1 Qf7 32.
Qc3 b6 33. h4 bxa5 34. bxa5 Bd3 35. Qc8+ Qf8 36. Qe6+ Qf7 37. Qc8+ Kg7 38.
a6 Qf6 39. Qb7+ Qf7 40. h5 Bc4 41. Nf1 Bxf1 42. Kxf1 gxh5 43. Ke2 Kg6 44.
Qc6+ Qf6 45. Qb5 Qc3 46. f3 Qc2+ 47. Kf1 Qd1+ 48. Kf2 Qd2+ 49. Kg3 Qxe3 50.
Qe8+ Kf6 51. Qd8+ Ke6 52. Qc8+ Kd5 53. Qxf5+ Kd4 54. Qxh7 Qg5+ 55. Kh3 exf3
56. Qxa7+ Kc3 57. Qc7+ Kb2 58. Qb7+ Ka1 59. Qxf3 Qa5 60. Qf6+ Kb1 61. Qg6+
Ka1 62. Qg7+ Kb1 63. Qb7+ Ka1 64. a7 Qf5+ 65. Kh2 Qf4+ 66. Kg1 Qe3+ 67. Kf1
Qc1+ 68. Ke2 Qc2+ 69. Ke3 Qc3+ 70. Ke4 Qc4+ 71. Ke5 Qc5+ 72. Ke6 Qe3+ 73.
Kf7 Qf4+ 74. Kg6 Qd6+ 75. Kxh5 Qe5+ 76. Kh4 Qf4+ 77. g4 Qh6+ 78. Kg3 Qe3+
79. Kg2 Qd2+ 80. Kf3 Qd3+ 81. Kf4 Qd4+ 82. Kf5 Qc5+ 83. Ke6 Qe3+ 84. Kd6
Qf4+ 85. Kc5 Qe5+ 86. Kb6 Qd4+ 87. Kc7 Qe5+ 88. Kc6 Qc3+ 89. Kd6 Qf6+ 90.
Kc5 Qc3+ 91. Kb5 Qb3+ 92. Ka6 Qa4+ 93. Kb6 Qb4+ 94. Kc6 Qe4+ 95. Kc7 Qe7+
96. Kb8 Qd6+ 97. Qc7 Qb4+ 98. Kc8 Qf8+ 99. Kb7 Qb4+ 100. Ka6 Qxg4 101. a8=Q
Qe2+ 102. Ka7 Qe3+ 103. Kb7+ Kb1 104. Qa6 Qe4+ 105. Qac6 Qe3 106. Qb5+ Ka1
107. Qca5+ Qa3 108. Qxa3# {Black checkmated} 1-0

[Event "ICC tourney 1969 (45 10)"]
[Site "Internet Chess Club"]
[Date "2020.08.22"]
[Round "3"]
[White "Aqualime"]
[Black "AkshatSuresh"]
[Result "1/2-1/2"]
[ICCResult "Game drawn by mutual agreement"]
[WhiteElo "1310"]
[BlackElo "1678"]
[Opening "Nimzo-Indian: classical variation"]
[ECO "E32"]
[NIC "NI.24"]
[Time "16:02:07"]
[TimeControl "2700+10"]

1. d4 Nf6 2. c4 e6 3. Nc3 Bb4 4. Qc2 O-O 5. Nf3 d5 6. Bg5 Nbd7 7. e3 b6 8.
cxd5 exd5 9. a3 Bxc3+ 10. bxc3 h6 11. Bh4 Re8 12. Bd3 Bb7 13. O-O c5 14. Qe2
a6 15. a4 Qe7 16. Rab1 c4 17. Bf5 g5 18. Bg3 Bc6 19. Qc2 b5 20. axb5 axb5
21. Ne5 Nxe5 22. Bxe5 Ne4 23. f3 Nf6 24. Rfe1 Ra4 25. Qf2 Rea8 26. h4 Nh5
27. hxg5 Qxg5 28. Bg4 Ng7 29. Bf4 Qg6 30. Qh4 Kh7 31. Rb2 Ra2 32. Rf2 R2a3
33. Rc1 Rb3 34. g3 Raa3 35. Rh2 Rxc3 36. Qxh6+ Qxh6 37. Rxh6+ Kg8 38. Rxc3
Rxc3 39. Rxc6 b4 40. e4 dxe4 41. fxe4 b3 42. Rb6 Rc2 43. Bd1 Ra2 44. Bxb3
cxb3 45. Rxb3 Ne6 46. Be3 Kf8 47. Bf2 Ke7 48. Kg2 Nxd4 49. Rb6 Re2 50. Kf1
Rd2 51. Ke1 Nf3+ 52. Kf1 Nh2+ 53. Kg1 Ng4 54. Bc5+ Kd7 55. Rb3 Re2 56. Rf3
Ke6 57. Rf4 Nf6 58. Bd4 Nxe4 {Game drawn by mutual agreement} 1/2-1/2

[Event "ICC tourney 1969 (45 10)"]
[Site "Internet Chess Club"]
[Date "2020.08.22"]
[Round "3"]
[White "adelie"]
[Black "SophylacticPlay"]
[Result "0-1"]
[ICCResult "White resigns"]
[WhiteElo "1934"]
[BlackElo "2256"]
[Opening "English: symmetrical, hedgehog system"]
[ECO "A30"]
[NIC "EO.40"]
[Time "16:02:01"]
[TimeControl "2700+10"]

1. Nf3 c5 2. c4 b6 3. g3 Bb7 4. Bg2 Nf6 5. O-O e6 6. Nc3 Be7 7. b3 O-O 8.
Bb2 a6 9. d4 cxd4 10. Nxd4 Bxg2 11. Kxg2 Qc8 12. e4 d6 13. f4 Nbd7 14. Qf3
Qb7 15. Rae1 Rfe8 16. e5 Qxf3+ 17. Kxf3 Nh5 18. g4 Nxf4 19. Kxf4 dxe5+ 20.
Rxe5 Bd6 21. Nf3 Nxe5 22. Nxe5 f6 23. Ne4 Bxe5+ 24. Bxe5 fxe5+ 25. Kxe5 Rad8
26. b4 h6 27. Nd6 Re7 28. c5 bxc5 29. bxc5 Rc7 30. Rc1 Rb8 31. Kxe6 Rb2 32.
Nf5 Rd2 33. c6 Kh7 34. Ne3 Rc8 35. c7 Re8+ 36. Kf7 Rc8 37. Ke6 Re2 38. Kd7
Rxc7+ 39. Kxc7 Rxe3 40. Rc2 Ra3 41. Kb7 a5 42. Kc6 Kg6 43. h4 Rh3 44. h5+
Kg5 45. Kb5 Kxg4 46. Rg2+ Kf4 47. Rxg7 Rxh5+ 48. Ka4 Rc5 49. Rf7+ Kg3 50.
Rg7+ Kh2 51. Ra7 h5 52. Rxa5 Rxa5+ 53. Kxa5 h4 54. Kb6 h3 55. a4 Kg3 56. a5
h2 57. Ka7 h1=Q 58. a6 Kf4 59. Kb8 Qb1+ 60. Kc7 Qa2 61. Kb7 Qb3+ 62. Kc7 Qa4
63. Kb6 Qb4+ 64. Kc7 Qa5+ 65. Kb7 Qb5+ 66. Ka7 Ke5 {White resigns} 0-1

[Event "ICC tourney 1969 (45 10)"]
[Site "Internet Chess Club"]
[Date "2020.08.22"]
[Round "3"]
[White "creepycrawlies"]
[Black "Priccchess"]
[Result "1-0"]
[ICCResult "Black resigns"]
[WhiteElo "2187"]
[BlackElo "1775"]
[Opening "QGD: exchange, positional line, 6.Qc2"]
[ECO "D36"]
[NIC "QO.16"]
[Time "16:02:00"]
[TimeControl "2700+10"]

1. d4 d5 2. c4 e6 3. Nc3 Nf6 4. cxd5 exd5 5. Bg5 c6 6. Qc2 h6 7. Bh4 Bd6 8.
e3 Be6 9. Bd3 Nbd7 10. Nge2 O-O 11. f3 Be7 12. O-O c5 13. dxc5 Bxc5 14. Nd4
Rc8 15. Rac1 Bxd4 16. exd4 a6 17. Qd2 b5 18. Ne2 Nb6 19. b3 Nbd7 20. Bb1 Qb6
21. Nf4 Rfe8 22. Kh1 Qd6 23. Bg3 Qb6 24. Nd3 Bf5 25. Bf2 Bxd3 26. Qxd3 Rxc1
27. Rxc1 Nf8 28. h3 Ng6 29. Qd2 Qd6 30. Bd3 Nh5 31. a4 bxa4 32. bxa4 Nhf4
33. Bf1 Qf6 34. a5 h5 35. Re1 Rxe1 36. Qxe1 h4 37. Qe8+ Kh7 38. Qc8 Nh5 39.
Qxa6 Qf4 40. Qd3 Qc1 41. Kg1 Qa1 42. a6 Nf4 43. Qd2 f6 44. Be3 Nh5 45. Qc1
Qa4 46. Bd3 f5 47. Qc2 Qa1+ 48. Qb1 Qa4 49. Qc2 Qa5 50. Bf2 Nhf4 51. Bxf5
Qxa6 52. Kh2 Qd6 53. Kh1 Qf6 54. Be3 Kh6 55. Bxg6 Kg5 56. Bd3 Kh5 57. Bf1
Ng6 58. Qc5 Qe6 59. Bf2 Nf4 60. Qf8 {Black resigns} 1-0

[Event "ICC tourney 1969 (45 10)"]
[Site "Internet Chess Club"]
[Date "2020.08.22"]
[Round "3"]
[White "dopolian"]
[Black "dzchess01"]
[Result "1-0"]
[ICCResult "Black resigns"]
[WhiteElo "2360"]
[BlackElo "1828"]
[Opening "Sicilian, Szén (`anti-Taimanov') variation"]
[ECO "B44"]
[NIC "SI.39"]
[Time "16:01:45"]
[TimeControl "2700+10"]

1. e4 c5 2. Nf3 e6 3. d4 cxd4 4. Nxd4 Nc6 5. Nb5 d6 6. c4 Nf6 7. N5c3 Be7 8.
Be2 O-O 9. O-O a6 10. Be3 Qc7 11. Nd2 b6 12. Rc1 Nd7 13. Nd5 Qb8 14. Nxe7+
Nxe7 15. Qb3 Nc5 16. Qc2 Nc6 17. a3 a5 18. Nb1 Bb7 19. Nc3 Rd8 20. Rfd1 Ba6
21. Rb1 Ne5 22. b4 axb4 23. axb4 Ncd7 24. c5 dxc5 25. bxc5 Bxe2 26. Qxe2 Qc7
27. Nb5 Qc6 28. cxb6 Nxb6 29. Rdc1 Nbc4 30. Bd4 Rab8 31. Bxe5 Rxb5 32. Rxb5
Qxb5 33. Bc3 Qg5 34. Rf1 Nd6 35. h3 h6 36. Kh1 Qf4 37. Re1 Rc8 38. Bd2 Qe5
39. Qg4 Kh8 40. Bf4 Qc5 41. Qg3 Nb7 42. Rc1 Qf8 43. Rb1 Nc5 44. f3 Nd7 45.
Bd6 Qe8 46. Rb7 Nf6 47. Re7 Qg8 48. Be5 Kh7 49. Qf4 Rc2 50. Kh2 Ra2 51. Rb7
Rc2 52. h4 Qc8 53. Rxf7 Rxg2+ 54. Kxg2 {Black resigns} 1-0

[Event "ICC tourney 1969 (45 10)"]
[Site "Internet Chess Club"]
[Date "2020.08.22"]
[Round "3"]
[White "varsat"]
[Black "sushmadasari"]
[Result "1/2-1/2"]
[ICCResult "Game drawn by mutual agreement"]
[WhiteElo "1898"]
[BlackElo "1582"]
[Opening "Sicilian: closed, 2...Nc6"]
[ECO "B23"]
[NIC "SI.44"]
[Time "16:01:46"]
[TimeControl "2700+10"]

1. e4 c5 2. Nc3 Nc6 3. Bb5 Nf6 4. f4 e6 5. e5 Nd5 6. Nxd5 exd5 7. Nf3 Be7 8.
O-O O-O 9. Qe1 a6 10. Bxc6 dxc6 11. d3 Bf5 12. Kh1 Re8 13. Rg1 Bg4 14. Qf2
d4 15. Nd2 Bh4 16. g3 Qd5+ 17. Qg2 Be7 18. Ne4 c4 19. h3 Be6 20. g4 cxd3 21.
cxd3 Bd7 22. Qg3 c5 23. Kh2 c4 24. Nf2 Rac8 25. f5 c3 26. b3 Bb5 27. Ne4 Bb4
28. Bf4 Bd7 29. f6 g6 30. Qh4 Bf8 31. Ng5 h6 32. Ne4 Re6 33. Raf1 c2 34. Rc1
Bb5 35. Bxh6 Qxe5+ 36. Rg3 Bxh6 37. Qxh6 Rxf6 38. Nxf6+ Qxf6 39. Qd2 Qe5 40.
Rxc2 Rxc2 41. Qxc2 Bc6 42. Qd1 Qa5 43. Qe2 Qd5 44. Qf1 Qa5 45. Qe2 Qd5 46.
Qd1 Qa5 47. Qc2 Qd5 48. Qc1 Qa5 49. a3 Qd5 50. b4 Qa2+ 51. Kg1 Qd5 52. Kf2
Qa2+ 53. Ke1 Qe6+ 54. Kd2 Qd5 55. h4 Qa2+ 56. Qc2 Qxa3 57. Qb1 Kg7 58. h5 b6
59. Rh3 a5 60. h6+ Kh7 61. Qf1 Qxb4+ 62. Ke2 Qb2+ 63. Ke1 Qc1+ 64. Kf2 Qf4+
65. Ke2 Qxg4+ 66. Kd2 Qg5+ 67. Kc2 Qc5+ 68. Kd2 Qc3+ 69. Ke2 Qc2+ 70. Ke1
Qc1+ 71. Kf2 Qf4+ 72. Ke2 Qg4+ 73. Kd2 Qg5+ 74. Ke2 Qg4+ 75. Ke1 Qe6+ 76.
Kd2 Qa2+ {Game drawn by mutual agreement} 1/2-1/2

[Event "ICC tourney 1969 (45 10)"]
[Site "Internet Chess Club"]
[Date "2020.08.22"]
[Round "4"]
[White "annameiyappan"]
[Black "Aqualime"]
[Result "1-0"]
[ICCResult "Black checkmated"]
[WhiteElo "2026"]
[BlackElo "1297"]
[Opening "Two knights defense"]
[ECO "C55"]
[NIC "IG.01"]
[Time "18:32:35"]
[TimeControl "2700+10"]

1. e4 e5 2. Nf3 Nc6 3. Bc4 Nf6 4. d4 Nxe4 5. dxe5 Bc5 6. Qd5 Bxf2+ 7. Kf1
O-O 8. Qxe4 Bb6 9. Bd3 g6 10. Bh6 Re8 11. Bg5 Ne7 12. Bf6 d5 13. Qf4 Qd7 14.
Qh6 Nf5 15. Bxf5 Qxf5 16. Qg7# {Black checkmated} 1-0

[Event "ICC tourney 1969 (45 10)"]
[Site "Internet Chess Club"]
[Date "2020.08.22"]
[Round "4"]
[White "orwind"]
[Black "stgummadi"]
[Result "1-0"]
[ICCResult "Black checkmated"]
[WhiteElo "1321"]
[BlackElo "1392"]
[Opening "Sicilian"]
[ECO "B56"]
[NIC "SI.25"]
[Time "18:32:35"]
[TimeControl "2700+10"]

1. e4 c5 2. Nf3 d6 3. d4 cxd4 4. Nxd4 Nf6 5. Nc3 Nc6 6. Bb5 Bd7 7. O-O a6 8.
Nxc6 bxc6 9. Bc4 e6 10. Bg5 Be7 11. Bxf6 Bxf6 12. Qxd6 Be7 13. Qd2 O-O 14.
Rad1 Ra7 15. Qe3 Qc7 16. a3 h6 17. e5 Bg5 18. f4 Be7 19. Kh1 Re8 20. Ne4 f6
21. Nd6 Bxd6 22. exd6 Qb7 23. f5 Kf7 24. Rfe1 Raa8 25. fxe6+ Bxe6 26. Bxe6+
Kf8 27. d7 Red8 28. Qc5# {Black checkmated} 1-0

[Event "ICC tourney 1969 (45 10)"]
[Site "Internet Chess Club"]
[Date "2020.08.22"]
[Round "4"]
[White "HR2005"]
[Black "mrmusicwriter5"]
[Result "1-0"]
[ICCResult "Black resigns"]
[WhiteElo "2076"]
[BlackElo "1787"]
[Opening "Sicilian: Najdorf"]
[ECO "B90"]
[NIC "SI.14"]
[Time "18:31:46"]
[TimeControl "2700+10"]

1. e4 c5 2. Nf3 d6 3. d4 cxd4 4. Nxd4 Nf6 5. Nc3 a6 6. f3 e5 7. Nb3 Be6 8.
Be3 Be7 9. Qd2 O-O 10. O-O-O Nbd7 11. g4 b5 12. g5 b4 13. Ne2 Ne8 14. f4 a5
15. f5 Bxb3 16. cxb3 a4 17. bxa4 Rxa4 18. Kb1 Qa5 19. Nc1 Nc7 20. f6 gxf6
21. gxf6 Bxf6 22. Rg1+ Kh8 23. Bh6 Ra8 24. Bc4 Nc5 25. Qxd6 N7e6 26. Rdf1
Nxe4 27. Qc6 b3 28. Nxb3 Qb4 29. Qxe4 Qxc4 30. Qxc4 Rxc4 31. Rxf6 Rc7 32.
Re1 Rca7 33. Nc1 Rb8 34. Rxe5 Rab7 35. b3 Rc8 36. Rexe6 fxe6 37. Rxe6 Rbc7
38. Re2 Rc6 39. Bf4 Rf6 40. Be5 {Black resigns} 1-0

[Event "ICC tourney 1969 (45 10)"]
[Site "Internet Chess Club"]
[Date "2020.08.22"]
[Round "4"]
[White "AkshatSuresh"]
[Black "sakethdesu"]
[Result "1-0"]
[ICCResult "Black checkmated"]
[WhiteElo "1691"]
[BlackElo "867"]
[Opening "Ruy Lopez: old Steinitz defense"]
[ECO "C62"]
[NIC "RL.02"]
[Time "18:31:53"]
[TimeControl "2700+10"]

1. e4 e5 2. Nf3 Nc6 3. Bb5 d6 4. c3 Bd7 5. d3 a6 6. Ba4 Nf6 7. Nbd2 Be7 8.
O-O O-O 9. h3 Re8 10. Re1 h6 11. Nf1 Nh7 12. Ng3 Ng5 13. Bb3 Na5 14. Bc2 Bc6
15. b4 d5 16. bxa5 dxe4 17. Nxg5 exd3 18. Bxd3 Qd5 19. N5e4 f5 20. Nxf5 Bc5
21. c4 Qd4 22. Be3 Ba4 23. Bxd4 Bxd1 24. Bxc5 Ba4 25. Nc3 Bc6 26. Ne7+ Kf7
27. Nxc6 bxc6 28. Be4 Re6 29. Nd5 cxd5 30. Bxd5 Re8 31. Rxe5 c6 32. Rxe6
Rxe6 33. Bxe6+ Kxe6 34. Rd1 Ke5 35. Bd6+ Ke4 36. Bg3 Kf5 37. Rd6 Ke4 38.
Rxc6 Kd4 39. Rc8 Kd3 40. c5 Ke2 41. c6 Ke1 42. Rd8 Ke2 43. c7 Ke1 44. c8=Q
Ke2 45. Qe6# {Black checkmated} 1-0

[Event "ICC tourney 1969 (45 10)"]
[Site "Internet Chess Club"]
[Date "2020.08.22"]
[Round "4"]
[White "Pranavs23"]
[Black "Jeffchess"]
[Result "0-1"]
[ICCResult "White checkmated"]
[WhiteElo "895"]
[BlackElo "1368"]
[Opening "Caro-Kann defense"]
[ECO "B11"]
[NIC "CK.01"]
[Time "18:31:37"]
[TimeControl "2700+10"]

1. e4 c6 2. Nc3 e5 3. Nf3 d6 4. Bc4 Be7 5. d4 Nd7 6. dxe5 Nxe5 7. Nxe5 dxe5
8. Qxd8+ Bxd8 9. O-O Nf6 10. Bg5 h6 11. Bh4 O-O 12. Rac1 Re8 13. Rcd1 Be6
14. Bxe6 Rxe6 15. Bxf6 Bxf6 16. Rd7 Re7 17. Rfd1 Rb8 18. g3 Kf8 19. Rd8+ Re8
20. Rxe8+ Kxe8 21. Kg2 Rd8 22. Rd3 Rd4 23. Kf3 Rxd3+ 24. cxd3 Kd7 25. Ke3
Bg5+ 26. f4 exf4+ 27. gxf4 Bh4 28. f5 Bf6 29. d4 Bg5+ 30. Kd3 Bf4 31. d5
Bxh2 32. dxc6+ Kxc6 33. Kd4 f6 34. b4 Be5+ 35. Kd3 Bxc3 36. Kxc3 h5 37. Kd3
h4 38. Ke3 Kb5 39. Kf3 Kxb4 40. Kg4 Kc5 41. Kxh4 Kd6 42. Kg4 Ke5 43. Kf3 b6
44. Ke3 a5 45. a4 Kd6 46. Kd4 Kc6 47. Kc4 Kd6 48. Kd4 b5 49. axb5 a4 50. b6
a3 51. b7 Kc7 52. Kc3 Kxb7 53. Kb3 Kc6 54. Kxa3 Kc5 55. Kb3 Kd4 56. Kc2 Kxe4
57. Kd2 Kxf5 58. Ke3 Kg4 59. Kf2 Kh3 60. Kf3 g5 61. Kf2 g4 62. Kg1 Kg3 63.
Kf1 Kh2 64. Kf2 g3+ 65. Kf1 Kh1 66. Ke2 g2 67. Kf2 g1=Q+ 68. Kf3 Qc5 69. Kf4
Qe5+ 70. Kf3 Qf5+ 71. Kg3 Qe4 72. Kf2 Kh2 73. Kf1 Kg3 74. Kg1 f5 75. Kf1 f4
76. Kg1 f3 77. Kf1 Qe5 78. Kg1 f2+ 79. Kf1 Qe1# {White checkmated} 0-1

[Event "ICC tourney 1969 (45 10)"]
[Site "Internet Chess Club"]
[Date "2020.08.22"]
[Round "4"]
[White "lemonoosa"]
[Black "ITOT"]
[Result "1-0"]
[ICCResult "Black checkmated"]
[WhiteElo "2061"]
[BlackElo "1763"]
[Opening "Queen's pawn, Mason variation"]
[ECO "D00"]
[NIC "QP.08"]
[Time "18:31:50"]
[TimeControl "2700+10"]

1. d4 d5 2. Bf4 Nf6 3. e3 e6 4. Nf3 Bd6 5. Bg3 b6 6. Nbd2 O-O 7. Bd3 c5 8.
c3 Nc6 9. e4 dxe4 10. Nxe4 Nxe4 11. Bxe4 Bb7 12. dxc5 Bxc5 13. Qa4 Qc8 14.
Bxh7+ Kxh7 15. Qh4+ Kg6 16. Qg5+ Kh7 17. Qh5+ Kg8 18. Ng5 Re8 19. Qxf7+ Kh8
20. Qh5+ Kg8 21. Qh7+ Kf8 22. Qh8+ Ke7 23. Qxg7+ Kd8 24. O-O-O+ Bd4 25.
Rxd4+ Nxd4 26. Qxd4+ Bd5 27. Nf7+ Ke7 28. Bh4+ Kxf7 29. Qf6+ Kg8 30. Qg6+
Kf8 31. Qh6+ Kg8 32. Bf6 Re7 33. Qh8+ Kf7 34. Qg7+ Ke8 35. Qxe7#
{Black checkmated}
1-0